 Dungeon Crawl Stone Soup version 0.32-a0-705-g60f233581c (webtiles) character file.

Game seed: 5600297015822479987

678 Griffin23 the Slasher (level 7, 0/62 HPs)
             Began as a Minotaur Fighter on Mar 14, 2024.
             Was a Believer of the Shining One.
             Slain by an orc wizard
             ... wielding a +0 dagger
              (1 damage)
             ... while paralysed
             ... on level 4 of the Dungeon.
             The game lasted 00:05:45 (2870 turns).

Griffin23 the Slasher (Minotaur Fighter)            Turns: 2870, Time: 00:05:45

Health: 0/62       AC:  7    Str: 22    XL:     7   Next: 34%
Magic:  6/6        EV:  2    Int:  5    God:    the Shining One [**....]
Gold:   169        SH:  0    Dex: -1 (10) Spells: 6/6 levels left

rFire   . . .        a - +0 long sword
rCold   . . .        c - +0 buckler
rNeg    + . .        b - +0 scale mail
rPois   +            (helmet restricted)
rElec   .            (no cloak)
rCorr   .            (no gloves)
SInv    +            (no boots)
Will    .....        (no amulet) Stlth
                     i - ring of poison resistance
HPRegen 0.30/turn    j - ring of see invisible
MPRegen 0.10/turn

%: no passive effects
@: confused, paralysed, slowed, lost dexterity, glowing
A: horns 2, retaliatory headbutt
a: Renounce Religion, Divine Shield


You were on level 4 of the Dungeon.
You worshipped the Shining One.
The Shining One was pleased with you.
You visited 1 branch of the dungeon, and saw 4 of its levels.
You also visited: Sewer.

You collected 169 gold pieces.

Inventory:

Hand Weapons
 a - a +0 long sword (weapon)
Armour
 b - a +0 scale mail (worn)
 c - a +0 buckler (worn)
Jewellery
 i - a ring of poison resistance (left hand)
 j - a ring of see invisible (right hand)
 l - a +6 ring of intelligence
 n - a ring of magical power
 w - a ring of protection from cold
Wands
 s - a wand of light (7)
Scrolls
 e - 2 scrolls of revelation {unknown}
 f - a scroll of fog {unknown}
 g - 7 scrolls of identify {unknown}
 k - 4 scrolls of teleportation {unknown}
 o - 3 scrolls of enchant armour {unknown}
 p - a scroll of acquirement {unknown}
 r - a scroll of immolation {unknown}
 u - a scroll of enchant weapon {unknown}
 v - a scroll of torment {unknown}
Potions
 d - 2 potions of haste {unknown}
 h - a potion of curing {unknown}
 m - 3 potions of brilliance {unknown}
 q - a potion of heal wounds {unknown}
 t - a potion of degeneration {unknown}


   Skills:
 + Level 5.7 Fighting
 * Level 6.5 Long Blades
 + Level 5.6 Armour
 - Level 0.6 Dodging
 + Level 5.4 Shields


You had 6 spell levels left.
You didn't know any spells.
Your spell library contained the following spells:

 Spells                   Type           Power      Damage    Failure   Level
 Dazzling Flash           Conj/Hex       0%         N/A       99%         3
 Passwall                 Erth           0%         N/A       99%         3
 Tukima's Dance           Hex            0%         N/A       99%         3
 Volatile Blastmotes      Fire/Tloc      0%         2d10      99%         3
 Dimensional Bullseye     Hex/Tloc       0%         N/A       100%        4
 Iskenderun's Mystic Bla  Conj/Tloc      0%         2d3       100%        4
 Bombard                  Conj/Erth      0%         9d1       100%        6
 Starburst                Conj/Fire      0%         6d3       100%        6
 Maxwell's Capacitive Co  Air            0%         ∞         100%        8


Dungeon Overview and Level Annotations

Branches:
Dungeon (4/15)              Sewer (visited)
 Temple: D:4-7

Altars:
Hepliaklqana
Sif Muna
The Shining One


Innate Abilities, Weirdness & Mutations

You have a pair of horns on your head.
You reflexively headbutt those who attack you in melee.


Message History

* * * LOW HITPOINT WARNING * * *
The quasit claws you but does no damage.
The orc wizard hits you but does no damage.
The orc hits you with a +0 dagger.
* * * LOW HITPOINT WARNING * * *
The orc hits you but does no damage.
You closely miss the quasit.
The quasit is almost dead.
You block the quasit's attack.
The quasit claws you but does no damage. x2
The orc hits you with a +0 dagger.
* * * LOW HITPOINT WARNING * * *
The orc wizard points at you and mumbles some strange words.
You are confused.
The orc completely misses you. The quasit closely misses you.
The quasit claws you.
* * * LOW HITPOINT WARNING * * *
You feel clumsy.
You have lost your dexterity.
The quasit claws you but does no damage.
The orc hits you but does no damage.
The orc wizard hits you but does no damage.
The quasit bites you.
* * * LOW HITPOINT WARNING * * *
The quasit claws you but does no damage.
The quasit claws you.
* * * LOW HITPOINT WARNING * * *
The orc hits you but does no damage.
The quasit bites you but does no damage.
The quasit claws you.
* * * LOW HITPOINT WARNING * * *
You feel clumsy.
The quasit claws you but does no damage.
The orc hits you but does no damage. The orc wizard casts a spell at you.
You resist with some effort. The orc hits you but does no damage.
The quasit completely misses you.
The quasit claws you but does no damage. x2
The orc hits you but does no damage.
The orc wizard hits you with a +0 dagger.
You die...

####.....##
.#....###..##
......#.#...# #.
##.###.###.# ...#
#.#.....#.# ..#.
##.###.###.#
....###...)).#...#
#...#....###...#
#....o@......#.#
#....5oo.......#
.[..##..)..###...#
#.....)......##..#
#.........###+###..#
...§§§...## #.#
...§§§...# .#
#...§§...# #
##...PP..+


You could see an orc wizard (invisible), a quasit and 2 orcs.

Vanquished Creatures
  Sigmund (D:4)
  The ghost of BeKind the Chiller, an amateur OpIE (D:3)
  2 quasits (D:4)
  4 jellies (Sewer)
  An iguana (D:4)
  4 orc wizards (D:4)
  3 adders
  A river rat (Sewer)
  2 shadow imps (D:4)
  A ribbon worm (D:3)
  2 dart slugs
  5 orcs
  10 ball pythons
  5 bats
  8 endoplasms
  9 giant cockroaches
  6 hobgoblins
  8 kobolds
  3 quokkas
  5 frilled lizards
  4 goblins
  10 rats
95 creatures vanquished.

Notes
Turn   | Place    | Note
-------+----------+-------------------------------------------
     0 | D:1      | Griffin23 the Minotaur Fighter began the quest for the Orb.
     0 | D:1      | Reached XP level 1. HP: 19/19 MP: 0/0
   102 | D:1      | Reached XP level 2. HP: 27/27 MP: 1/1
   798 | D:2      | Found a faded altar of an unknown god.
   819 | D:2      | Prayed at the altar of an unknown god.
   819 | D:2      | Became a worshipper of the Shining One
   819 | D:2      | Reached * piety under the Shining One
   834 | D:2      | Reached skill level 3 in Long Blades
   834 | D:2      | Reached XP level 3. HP: 28/33 MP: 2/2
  1012 | D:2      | Identified the +3 short sword of Deikol {flame, rC+}
  1315 | D:3      | Found a glowing drain.
  1343 | Sewer    | Entered a sewer
  1570 | Sewer    | Reached XP level 4. HP: 16/41 MP: 3/3
  1703 | Sewer    | Reached skill level 4 in Long Blades
  1784 | Sewer    | Reached XP level 5. HP: 39/47 MP: 4/4
  1828 | Sewer    | Found a viscous altar of Jiyva.
  2034 | D:3      | Found a hazy altar of Hepliaklqana.
  2094 | D:3      | Reached ** piety under the Shining One
  2272 | D:3      | Found a shimmering blue altar of Sif Muna.
  2327 | D:3      | Found a runed translucent door.
  2327 | D:3      | Noticed BeKind's ghost (amateur OpIE)
  2474 | D:3      | Killed BeKind's ghost
  2475 | D:3      | Reached skill level 5 in Fighting
  2475 | D:3      | Reached skill level 5 in Long Blades
  2475 | D:3      | Reached skill level 5 in Armour
  2475 | D:3      | Reached XP level 6. HP: 56/56 MP: 5/5
  2517 | D:4      | Noticed Sigmund
  2532 | D:4      | Killed Sigmund
  2533 | D:4      | Reached skill level 5 in Shields
  2630 | D:4      | Reached skill level 6 in Long Blades
  2630 | D:4      | Reached XP level 7. HP: 54/61 MP: 6/6
  2867 | D:4      | Lost dexterity.
  2868 | D:4      | HP: 3/62 [quasit (1)]
  2869 | D:4      | HP: 1/62 [quasit (2)]
  2870 | D:4      | Slain by an orc wizard

Illustrated notes

Levels and vault maps discovered:
D:1:      tarquinn_simple_flora_water_c, layout_loops_ring
D:2:      layout_rooms, ebering_ecumenical_altar_ruins
D:3:      wander_river, layout_rooms, lemuel_round_altar, marbit_many_paths,
          cheibrodos_sewer_entry_sluice, gammafunk_ghost_grave
D:4:      layout_cave_pools, nicolae_ashenzari_skybound,
          cheibrodos_worm_habitat, lemuel_coloured_pillars_altar,
          nicolae_vehumet_altar_sigil, serial_demonic, serial_demonic_c,
          serial_demonic_c, serial_demonic_d, serial_demonic_g,
          minmay_a_box_with_orc_wizards_in_it, uniq_duvessa, uniq_sigmund

Skill      XL: |  1  2  3  4  5  6 |
---------------+-------------------+-----
Fighting       | 4 5 |  5.7
Armour         | 4 5 |  5.6
Long Blades    | 3 4 5 6 |  6.5
Shields        | 4 5 |  5.4
Dodging        | |  0.6

Action                     |  1- 3 |  4- 6 |  7- 9 || total
---------------------------+-------+-------+-------++-------
  Melee: Long sword        |   117 |    81 |    35 ||   233
         Headbutt          |    19 |    14 |     7 ||    40
 Invoke: Divine Shield     |       |     1 |       ||     1
    Use: Potion            |     1 |       |       ||     1
 Armour: Scale mail        |   137 |    55 |   117 ||   309
  Dodge: Dodged            |    61 |    48 |    55 ||   164
  Block: Buckler           |    30 |    12 |    25 ||    67

Table legend: (Time is in decaauts)
 A = Elapsed time spent in this place.
 B = Non-inter-level travel time spent in this place.
 C = Inter-level travel time spent in this place.
 D = Time resting spent in this place.
 E = Time spent auto-exploring this place.
 F = Levels seen in this place.
 G = Mean time per level.
                   A        B        C        D        E       F      G
               +--------+--------+--------+--------+--------+-----+--------+
         Total |   2963 |   2886 |     77 |    216 |   2023 |   5 |  592.6 |
       Dungeon |   2283 |   2206 |     77 |     57 |   1674 |   4 |  570.8 |
         Sewer |    679 |    679 |      0 |    159 |    348 |   1 |  679.0 |
               +--------+--------+--------+--------+--------+-----+--------+

Top non-repeatable levels by time:
     D:1: 804 daAuts
   Sewer: 679 daAuts
     D:3: 580 daAuts
     D:2: 536 daAuts
     D:4: 363 daAuts
